 Dungeon Crawl Stone Soup version 0.28.0-43-g3370ac3207 (webtiles) character file.

Game seed: 5204069917378937027

2924 pkoi the Zephyrmancer (level 9, -1/68 HPs)
             Began as a Black Draconian Air Elementalist on Mar 15, 2022.
             Was an Initiate of Ru.
             Slain by a white ugly thing (6 damage)
             ... on level 6 of the Dungeon.
             The game lasted 00:14:29 (12877 turns).

pkoi the Zephyrmancer (DrAE)                       Turns: 12877, Time: 00:14:29

Health: -1/68      AC: 12    Str: 11    XL:     9   Next: 50%
Magic:  0/16       EV: 16    Int: 19    God:    Ru [......]
Gold:   400        SH:  0    Dex: 12    Spells: 8/18 levels left

rFire   . . .      SeeInvis .   a - +1 dagger (venom)
rCold   . . .      Faith    .   (no shield)
rNeg    . . .      Spirit   .   (armour unavailable)
rPois   .          Reflect  .   (helmet restricted)
rElec   +          Harm     .   s - +0 cloak
rCorr   .          Rampage  .   (no gloves)
Will    .....                   (no boots)
Stlth   ++........              (no amulet)
HPRegen 0.21/turn               q - +4 ring of evasion
MPRegen 0.15/turn               g - +4 ring of protection

@: no status effects
A: breathe lightning, AC +7, unfitting armour, electricity resistance,
cold-blooded
a: Breathe Lightning, Renounce Religion


You were on level 6 of the Dungeon.
You worshipped Ru.
Ru was noncommittal.
You visited 2 branches of the dungeon, and saw 8 of its levels.

You collected 400 gold pieces.

Inventory:

Hand Weapons
 a - a +1 dagger of venom (weapon)
 b - a +0 glaive
 j - a +2 whip of flaming
 n - a +0 dagger
Armour
 s - a +0 cloak (worn)
Jewellery
 d - a ring of positive energy
 e - a +6 ring of strength
 g - a +4 ring of protection (right hand)
 i - a ring of protection from cold
 q - a +4 ring of evasion (left hand)
Wands
 c - a wand of paralysis (2)
 m - a wand of flame (15)
 p - a wand of acid (6)
 x - a wand of mindburst (3)
Scrolls
 h - 2 scrolls of amnesia
 k - a scroll of fear
 l - a scroll of teleportation
 v - a scroll of fog {unknown}
 w - a scroll of identify
Potions
 f - 2 potions of heal wounds
 o - a potion of flight
 r - a potion of lignification
 t - 3 potions of curing
 u - a potion of berserk rage


   Skills:
 + Level 2.6 Fighting
 + Level 3.0 Dodging
 - Level 1.7 Stealth
 - Level 4.0 Unarmed Combat
 + Level 5.0 Spellcasting
 - Level 1.0 Conjurations
 * Level 13.1 Air Magic


You had 8 spell levels left.
You knew the following spells:

 Your Spells              Type           Power      Damage    Failure   Level
a - Shock                 Conj/Air       100%       1d9       1%          1
b - Swiftness             Air            53%        N/A       1%          3
c - Airstrike             Air            26%        N/A       1%          4
d - Static Discharge      Conj/Air       31%        N/A       1%          2

Your spell library contained the following spells:

 Spells                   Type           Power      Damage    Failure   Level
 Animate Dead             Necr           2%         N/A       77%         4
 Borgnjor's Vile Clutch   Necr/Erth      2%         N/A       98%         5
 Death Channel            Necr           2%         N/A       100%        6


Dungeon Overview and Level Annotations

Branches:
Dungeon (7/15)             Temple (1/1) D:4

Altars:
Ashenzari
Cheibriados
Dithmenos
Elyvilon
Fedhas
Gozag
Hepliaklqana
Kikubaaqudgha
Makhleb
Nemelex Xobeh
Okawaru
Qazlal
Ru
Trog
Uskayaw
Vehumet
Wu Jian
Xom
Yredelemnul
Zin
The Shining One

Shops:
D:3 (


Innate Abilities, Weirdness & Mutations

You can breathe wild blasts of lightning.
Your glossy black scales are hard. (AC +7)
You cannot fit into any form of body armour.
You are resistant to electric shocks. (rElec)
You are cold-blooded and may be slowed by cold attacks.


Message History

The white ugly thing is almost dead.
The orc wizard shouts!
Activating: Breathe Lightning (4% risk of failure)
Press: ? - help, Dir - look around, f - activate You breathe a wild blast of lightning!
The orb of electricity explodes!
You hear a mighty clap of thunder! x2; You hear a loud, deep croak!
You hear an angry hiss. x2; You hear a bark!
Unknown command.
Unknown command.
Unknown command.
Unknown command.
The white ugly thing closely misses you.
You climb upwards.
There is a stone staircase leading down here.
Unknown command.
Unknown command.
You closely miss the white ugly thing.
The white ugly thing is almost dead.
The white ugly thing claws you! The white ugly thing freezes you!!
You feel yourself slow down.
* * * LOW HITPOINT WARNING * * *
Unknown command.
The white ugly thing barely misses you.
You feel yourself speed up. The white ugly thing barely misses you.
The white ugly thing claws you.
* * * LOW HITPOINT WARNING * * *
The white ugly thing freezes you!!
You feel yourself slow down.
* * * LOW HITPOINT WARNING * * *
You feel yourself speed up. The white ugly thing misses you.
There is a stone staircase leading down here.
Aiming: Airstrike (dangerous; 1% risk of failure)
Press: ? - help, Q - select action, (/) - cycle Dir - move target, f - white ugly thing
Aim: a white ugly thing (severely wounded, empty space bonus: 7/8)
The air twists around and strikes the white ugly thing!
The white ugly thing is almost dead.
You have got your breath back.
The white ugly thing claws you.
You die...

#....###.########
##....##...#.....##
####.....##..........## ###
#.##.....##...#.......####.####
........###..##.......##....#.#
...(...................##.....##
......#.#...............#......#
#.....#.....##.................##
.....#####.....u@...............#
....## #......................#
.....## #.....................##
...<..####.#............#......##
......#..........................
......#....#.#.................<.
.>......#..###............######.
.......###..##.............###...
........#........................


You could see a white ugly thing.

Vanquished Creatures
  Pikel (D:5)
  Maggie (D:6)
  A water moccasin (D:5)
  Duvessa (D:5)
  A black bear (D:5)
  4 ice beasts
  A sky beast (D:7)
  An ogre (D:6)
  A centaur (D:7)
  Blork the orc (D:5)
  A gnoll sergeant (D:5)
  4 scorpions
  A water moccasin skeleton (D:6)
  Dowan (D:5)
  5 howler monkeys
  3 centaur skeletons
  2 hounds
  An orc priest (D:5)
  Crazy Yiuf (D:6)
  A gnoll shaman (D:3)
  3 iguanas (D:6)
  A howler monkey zombie (D:7)
  9 gnolls
  7 adders
  2 howler monkey skeletons
  A shadow imp (D:7)
  A white imp (D:6)
  3 ufetubi
  2 adder skeletons
  3 adder zombies (D:2)
  A worm (D:4)
  A dart slug (D:2)
  7 orcs
  A bat skeleton (D:2)
  9 endoplasms
  A giant cockroach (D:1)
  9 goblins
  5 hobgoblins
  4 jackals (D:1)
  7 quokkas
  7 ball pythons
  2 ball python zombies (D:2)
  8 bats
  6 frilled lizards
  8 kobolds
  5 rats
146 creatures vanquished.

Vanquished Creatures (others)
  A withered plant (D:2)
1 creature vanquished.

Grand Total: 147 creatures vanquished

Notes
Turn   | Place    | Note
-------+----------+-------------------------------------------
     0 | D:1      | pkoi the Draconian Air Elementalist began the quest for the
                  | Orb.
     0 | D:1      | Reached XP level 1. HP: 14/14 MP: 3/3
   485 | D:1      | Reached XP level 2. HP: 20/20 MP: 3/5
   797 | D:1      | Reached skill level 4 in Air Magic
   876 | D:1      | Reached XP level 3. HP: 18/26 MP: 2/6
   979 | D:1      | Learned a level 3 spell: Swiftness
  1853 | D:2      | Reached XP level 4. HP: 33/33 MP: 2/7
  2063 | D:2      | Reached skill level 5 in Air Magic
  2727 | D:2      | Found a faded altar of an unknown god.
  3402 | D:3      | Found Rahyegg's Antique Weapon Emporium.
  3571 | D:3      | Reached XP level 5. HP: 20/38 MP: 1/8
  3819 | D:3      | Learned a level 4 spell: Airstrike
  3942 | D:3      | Reached skill level 6 in Air Magic
  4629 | D:4      | Reached XP level 6. HP: 45/45 MP: 2/9
  4634 | D:4      | Reached skill level 7 in Air Magic
  4637 | D:4      | Noticed an ice beast
  5029 | D:4      | Found a staircase to the Ecumenical Temple.
  5041 | Temple   | Entered the Ecumenical Temple
  6327 | D:4      | Killed an ice beast
  6328 | D:4      | Reached skill level 8 in Air Magic
  6328 | D:4      | Your scales start taking on a glossy black colour.
  6328 | D:4      | Reached skill level 9 in Air Magic
  6328 | D:4      | Reached XP level 7. HP: 50/50 MP: 4/10
  6328 | D:4      | Gained mutation: You are resistant to electric shocks.
                  | (rElec) [Black Draconian growth]
  6374 | D:4      | Learned a level 2 spell: Static Discharge
  6459 | D:5      | Entered Level 5 of the Dungeon
  6563 | D:5      | Noticed Blork the orc
  6582 | D:5      | Killed Blork the orc
  6583 | D:5      | Reached skill level 10 in Air Magic
  7536 | D:5      | Reached skill level 1 in Unarmed Combat
  8596 | D:5      | Noticed Duvessa
  8598 | D:5      | Noticed Dowan
  8624 | D:5      | Paralysed by Duvessa for 3 turns
  8630 | D:5      | Killed Duvessa
  8822 | D:5      | Killed Dowan
  9362 | D:5      | Reached XP level 8. HP: 41/57 MP: 2/12
  9614 | D:5      | Reached skill level 11 in Air Magic
  9957 | D:6      | Noticed Pikel
  9967 | D:5      | Killed Pikel
 10085 | D:6      | Reached skill level 12 in Air Magic
 10193 | D:6      | Noticed Maggie
 10215 | D:6      | Killed Maggie
 10461 | D:6      | Reached XP level 9. HP: 62/62 MP: 2/15
 10832 | D:6      | Reached skill level 1 in Fighting
 11491 | D:6      | Found a runed translucent door.
 11492 | D:6      | Noticed Crazy Yiuf
 11506 | D:6      | Killed Crazy Yiuf
 11840 | Temple   | Became a worshipper of Ru the Awakened
 12440 | D:7      | Reached skill level 13 in Air Magic
 12614 | D:7      | Reached skill level 5 in Spellcasting
 12849 | D:7      | Noticed a white ugly thing
 12877 | D:6      | Slain by a white ugly thing

Illustrated notes

Levels and vault maps discovered:
D:1:      eino_arrival_water_star, layout_loops_cross, eino_curves_01,
          st_stairs_4, minmay_three_crescents
D:2:      layout_loops_ring, serial_undead, serial_undead_b, serial_undead_b,
          serial_undead_a, serial_undead_c, serial_undead_f, serial_undead_d,
          chequers_ecumenical_altar_simple, chequers_garden
D:3:      layout_rooms, serial_shops, nicolae_shop_stone, minmay_ruptured
D:4:      layout_basic, minmay_temple_entry_slanted
D:5:      layout_loops_ring, uniq_duvessa, uniq_blork_the_orc
D:6:      layout_cave_pools, uniq_pikel, uniq_crazy_yiuf_cottage, uniq_maggie
D:7:      nzn_winding_woodlands_medium [nzn_winding_woodlands_5x5_closed_star,
          nzn_winding_woodlands_5x15_cabin, nzn_winding_woodlands_5x5_three,
          nzn_winding_woodlands_5x5_cross,
          nzn_winding_woodlands_center_pierced_h,
          nzn_winding_woodlands_5x5_checkerboard,
          nzn_winding_woodlands_5x5_perimeter,
          nzn_winding_woodlands_5x15_concentric,
          nzn_winding_woodlands_hourglass], layout_cave_pools
Temple:   mainiacjoe_temple_trianglar_array

Skill      XL: |  1  2  3  4  5  6  7  8  9 |
---------------+----------------------------+-----
Air Magic      | 4 5 6 9 10 12 13 | 13.1
Unarmed Combat | 2 4 |  4.0
Spellcasting   | 4 5 |  5.0
Dodging        | 3 |  3.0
Fighting       | 2 |  2.6
Stealth        | |  1.7
Conjurations   | |  1.0

Action                   |  1- 3 |  4- 6 |  7- 9 || total
-------------------------+-------+-------+-------++-------
Melee: Unarmed           |     7 |       |       ||     7
       Glaive            |    33 |    22 |    16 ||    71
       Tailslap          |     5 |     2 |     2 ||     9
       Dagger            |       |       |    35 ||    35
       Punch             |       |       |     1 ||     1
 Cast: Shock             |    59 |   157 |    11 ||   227
       Airstrike         |       |       |    88 ||    88
 Abil: Breathe Lightning |       |       |     5 ||     5
Evoke: Wand              |       |       |     5 ||     5
  Use: Scroll            |     2 |       |    12 ||    14
 Stab: Sleeping          |       |       |     1 ||     1
Armor: Skin              |    29 |    29 |    22 ||    80
Dodge: Dodged            |    56 |    58 |    58 ||   172
